SA
SYRACUSE STORM @ WALLA WALLA WALLEYE
07/26/2028
 
TOP OF THE 1ST
Syracuse Storm batting - Pitching for Walla Walla Walleye : RHP Jon King
Pitching: RHP Jon King
Batting: RHB Tom Boyer 0-0: Ball
1-0: Ball
2-0: Ball
3-0: Called Strike
3-1: Swinging Strike
3-2: Strikes out swinging
Batting: RHB Harry MacCash 0-0: Foul Ball, location: 2F
0-1: SINGLE (Line Drive, 78S)
Batting: RHB Jerry Yates 0-0: Ball
1-0: Fly out, F3 (Popup, 13)
Batting: RHB Aethelwulf Haraldson 0-0: Ball
1-0: Ground out 4-3 (Groundball, 4M)
Top of the 1st over - 0 run(s), 1 hit(s), 0 error(s), 1 left on base; Syracuse 0 - Walla Walla 0
BOTTOM OF THE 1ST
Walla Walla Walleye batting - Pitching for Syracuse Storm : RHP Jorge Villanueva
Pitching: RHP Jorge Villanueva
Batting: RHB Jimmy Fick 0-0: Foul Ball, location: 2F
0-1: Called Strike
0-2: Foul Ball, location: 2F
0-2: Ball
1-2: Ball
2-2: Strikes out swinging
Batting: RHB Armaan Ebrahim 0-0: Ball
1-0: Ball
2-0: Ball
3-0: Called Strike
3-1: Foul Ball, location: 2F
3-2: Ground out 1-3 (Groundball, 13S)
Batting: LHB Rim Hong-Do 0-0: Foul Ball, location: 2F
0-1: Ball
1-1: Ball
2-1: SINGLE (Line Drive, 4D)
Batting: LHB Bennett Whitford 0-0: Ball
1-0: Ball
2-0: Called Strike
2-1: Ball
3-1: Ground out 4-3 (Groundball, 4S)
Bottom of the 1st over - 0 run(s), 1 hit(s), 0 error(s), 1 left on base; Syracuse 0 - Walla Walla 0
TOP OF THE 2ND
Syracuse Storm batting - Pitching for Walla Walla Walleye : RHP Jon King
Batting: RHB Vince Staples 0-0: Called Strike
0-1: Ball
1-1: Fly out, F9 (Flyball, 89M)
Batting: LHB Juan Jimínez 0-0: Fly out, F9 (Line Drive, 9)
Batting: LHB Phil Beck 0-0: Fly out, F2 (Popup, 13)
Top of the 2nd over - 0 run(s), 0 hit(s), 0 error(s), 0 left on base; Syracuse 0 - Walla Walla 0
BOTTOM OF THE 2ND
Walla Walla Walleye batting - Pitching for Syracuse Storm : RHP Jorge Villanueva
Batting: RHB Dhyana Snigdha 0-0: Called Strike
0-1: Foul Ball, location: 2F
0-2: Ball
1-2: Strikes out swinging
Batting: RHB Luis Delvalle 0-0: Called Strike
0-1: Called Strike
0-2: Ball
1-2: Ball
2-2: Strikes out looking
Batting: RHB Shuichi Saito 0-0: Swinging Strike
0-1: DOUBLE (Line Drive, 78D)
Batting: RHB Olubowale Akintimehin 0-0: Called Strike
0-1: Foul Ball, location: 2F
0-2: DOUBLE (Line Drive, 78D)
Shuichi Saito scores
Batting: RHB Leonardo Medina 0-0: Called Strike
0-1: Fly out, F9 (Flyball, 9)
Bottom of the 2nd over - 1 run(s), 2 hit(s), 0 error(s), 1 left on base; Syracuse 0 - Walla Walla 1
TOP OF THE 3RD
Syracuse Storm batting - Pitching for Walla Walla Walleye : RHP Jon King
Batting: LHB Juan Caro 0-0: Called Strike
0-1: Ball
1-1: Ground out 6-3 (Groundball, 6MS)
Batting: RHB Tsuginori Kobayashi 0-0: Called Strike
0-1: Swinging Strike
0-2: Ball
1-2: Foul Ball, location: 2F
1-2: Foul Ball, location: 2F
1-2: Ball
2-2: Ball
3-2: Strikes out swinging
Batting: RHB Tom Boyer 0-0: Called Strike
0-1: Ball
1-1: Swinging Strike
1-2: Ball
2-2: Fly out, F9 (Flyball, 89M)
Top of the 3rd over - 0 run(s), 0 hit(s), 0 error(s), 0 left on base; Syracuse 0 - Walla Walla 1
BOTTOM OF THE 3RD
Walla Walla Walleye batting - Pitching for Syracuse Storm : RHP Jorge Villanueva
Batting: RHB Jimmy Fick 0-0: Fly out, F8 (Flyball, 8RM)
Batting: RHB Armaan Ebrahim 0-0: Foul Ball, location: 2F
0-1: Ball
1-1: Foul Ball, location: 2F
1-2: Strikes out swinging
Batting: LHB Rim Hong-Do 0-0: Ball
1-0: Fly out, F4 (Line Drive, 4)
Bottom of the 3rd over - 0 run(s), 0 hit(s), 0 error(s), 0 left on base; Syracuse 0 - Walla Walla 1
TOP OF THE 4TH
Syracuse Storm batting - Pitching for Walla Walla Walleye : RHP Jon King
Batting: RHB Harry MacCash 0-0: Ball
1-0: Ball
2-0: Ball
3-0: Base on Balls
Batting: RHB Jerry Yates 0-0: Ball
1-0: Called Strike
1-1: SINGLE (Line Drive, 9S)
Harry MacCash to second
Runner from 2nd tries for 3rd, SAFE, no throw
Batting: RHB Aethelwulf Haraldson 0-0: Ball
1-0: Ball
2-0: Swinging Strike
2-1: SINGLE (Flyball, 8RS)
Harry MacCash scores
Jerry Yates to second
Batting: RHB Vince Staples 0-0: Called Strike
0-1: Ball
1-1: Swinging Strike
1-2: Fly out, F6 (Popup, 56D)
Batting: LHB Juan Jimínez 0-0: Ball
Wild Pitch!
Jerry Yates to third
Aethelwulf Haraldson to second
1-0: Fly out, F9 (Flyball, 9LSF)
Runner from 3rd tags up, SCORES, no throw
Batting: LHB Phil Beck 0-0: Ball
Wild Pitch!
Aethelwulf Haraldson to third
1-0: Called Strike
1-1: Fly out, F8 (Flyball, 8LM)
Top of the 4th over - 2 run(s), 2 hit(s), 0 error(s), 1 left on base; Syracuse 2 - Walla Walla 1
BOTTOM OF THE 4TH
Walla Walla Walleye batting - Pitching for Syracuse Storm : RHP Jorge Villanueva
Batting: LHB Bennett Whitford 0-0: Called Strike
0-1: Ball
1-1: Ground out 3-1 (Groundball, 34)
Batting: RHB Dhyana Snigdha 0-0: Ball
1-0: Foul Ball, location: 2F
1-1: Fly out, F9 (Flyball, 9LMF)
Batting: RHB Luis Delvalle 0-0: Ball
1-0: Called Strike
1-1: Fly out, F9 (Flyball, 9LSF)
Bottom of the 4th over - 0 run(s), 0 hit(s), 0 error(s), 0 left on base; Syracuse 2 - Walla Walla 1
TOP OF THE 5TH
Syracuse Storm batting - Pitching for Walla Walla Walleye : RHP Jon King
Batting: LHB Juan Caro 0-0: Ball
1-0: Foul Ball, location: 2F
1-1: Swinging Strike
1-2: Strikes out looking
Batting: RHB Tsuginori Kobayashi 0-0: Fly out, F9 (Flyball, 9LM)
Batting: RHB Tom Boyer 0-0: Ball
1-0: Ball
2-0: Called Strike
2-1: Foul Ball, location: 2F
2-2: Ball
3-2: DOUBLE (Line Drive, 7LD)
Batting: RHB Harry MacCash 0-0: Ball
1-0: Ball
2-0: Foul Ball, location: 2F
2-1: Swinging Strike
2-2: Foul Ball, location: 2F
2-2: Ball
3-2: Fly out, F3 (Line Drive, 34)
Top of the 5th over - 0 run(s), 1 hit(s), 0 error(s), 1 left on base; Syracuse 2 - Walla Walla 1
BOTTOM OF THE 5TH
Walla Walla Walleye batting - Pitching for Syracuse Storm : RHP Jorge Villanueva
Batting: RHB Shuichi Saito 0-0: Ball
1-0: Called Strike
1-1: Ball
2-1: Ground out 5-3 (Groundball, 5)
Batting: RHB Olubowale Akintimehin 0-0: Ground out 5-3 (Groundball, 56)
Batting: RHB Leonardo Medina 0-0: Ball
1-0: Swinging Strike
1-1: Ground out 6-3 (Groundball, 6)
Bottom of the 5th over - 0 run(s), 0 hit(s), 0 error(s), 0 left on base; Syracuse 2 - Walla Walla 1
TOP OF THE 6TH
Syracuse Storm batting - Pitching for Walla Walla Walleye : RHP Jon King
Batting: RHB Jerry Yates 0-0: Foul Ball, location: 2F
0-1: Ball
1-1: Foul Ball, location: 2F
1-2: Fly out, F5 (Line Drive, 5)
Batting: RHB Aethelwulf Haraldson 0-0: SINGLE (Groundball, 15S) (infield hit)
Batting: RHB Vince Staples 0-0: Called Strike
0-1: Ball
1-1: Ball
Aethelwulf Haraldson is caught stealing 2nd base
2-1: Ball
3-1: Base on Balls
Batting: LHB Juan Jimínez 0-0: Called Strike
0-1: Foul Ball, location: 2F
0-2: Foul Ball, location: 2F
0-2: Strikes out swinging
Top of the 6th over - 0 run(s), 1 hit(s), 0 error(s), 1 left on base; Syracuse 2 - Walla Walla 1
BOTTOM OF THE 6TH
Walla Walla Walleye batting - Pitching for Syracuse Storm : RHP Jorge Villanueva
Batting: RHB Jimmy Fick 0-0: Ball
1-0: Called Strike
1-1: Ball
2-1: Foul Ball, location: 2F
2-2: Foul Ball, location: 2F
2-2: Ball
3-2: Base on Balls
Batting: RHB Armaan Ebrahim 0-0: Bunted foul
0-1: Bunt missed!
0-2: 2-RUN HOME RUN (Line Drive, 7LD), Distance : 368 ft
Batting: LHB Rim Hong-Do 0-0: Swinging Strike
0-1: Ball
1-1: Swinging Strike
1-2: DOUBLE (Line Drive, 9LM)
Batting: LHB Bennett Whitford 0-0: Intentional Walk
Batting: RHB Dhyana Snigdha 0-0: Ball
1-0: Ball
2-0: Ground out U3 (Groundball, 3S)
Rim Hong-Do to third
Bennett Whitford to second
Batting: RHB Luis Delvalle 0-0: Ball
1-0: Swinging Strike
1-1: Fly out, F9 (Flyball, 89M)
Batting: RHB Shuichi Saito 0-0: Foul Ball, location: 2F
0-1: Fly out, F7 (Flyball, 7LMF)
Bottom of the 6th over - 2 run(s), 2 hit(s), 0 error(s), 2 left on base; Syracuse 2 - Walla Walla 3
TOP OF THE 7TH
Syracuse Storm batting - Pitching for Walla Walla Walleye : RHP Jon King
Batting: LHB Phil Beck 0-0: Foul Ball, location: 2F
0-1: Called Strike
0-2: Fly out, F7 (Flyball, 7)
Batting: LHB Juan Caro 0-0: Ball
1-0: Foul Ball, location: 2F
1-1: Ball
2-1: Ground out 5-3 (Groundball, 56)
Batting: RHB Tsuginori Kobayashi 0-0: Ball
1-0: Ball
2-0: Foul Ball, location: 2F
2-1: Ball
3-1: Foul Ball, location: 2F
3-2: Foul Ball, location: 2F
3-2: Base on Balls
Pitching: RHP Fernando Barraza
Batting: RHB Tom Boyer 0-0: Called Strike
Tsuginori Kobayashi steals 2nd base
0-1: Swinging Strike
0-2: Ball
1-2: Strikes out swinging
Top of the 7th over - 0 run(s), 0 hit(s), 0 error(s), 1 left on base; Syracuse 2 - Walla Walla 3
BOTTOM OF THE 7TH
Walla Walla Walleye batting - Pitching for Syracuse Storm : RHP Jorge Villanueva
Batting: RHB Olubowale Akintimehin 0-0: Foul Ball, location: 2F
0-1: Ball
1-1: Ball
2-1: Ball
3-1: Fly out, F8 (Line Drive, 8LM)
Batting: RHB Leonardo Medina 0-0: Foul Ball, location: 2F
0-1: Ball
1-1: Foul Ball, location: 2F
1-2: Ground out 4-3 (Groundball, 4)
Batting: RHB Jimmy Fick 0-0: Ball
1-0: Ball
2-0: SINGLE (Groundball, 56D)
Pinch Hitting: LHB Javier Reyes 0-0: Called Strike
0-1: Ball
1-1: Foul Ball, location: 2F
1-2: Fly out, F9 (Line Drive, 9D)
Bottom of the 7th over - 0 run(s), 1 hit(s), 0 error(s), 1 left on base; Syracuse 2 - Walla Walla 3
TOP OF THE 8TH
Syracuse Storm batting - Pitching for Walla Walla Walleye : RHP Fernando Barraza
Now in CF: Javier Reyes
Batting: RHB Harry MacCash 0-0: Ball
1-0: Called Strike
1-1: Called Strike
1-2: Foul Ball, location: 2F
1-2: Fly out, F6 (Popup, 6)
Batting: RHB Jerry Yates 0-0: Ball
1-0: Called Strike
1-1: Foul Ball, location: 2F
1-2: Strikes out looking
Batting: RHB Aethelwulf Haraldson 0-0: Ground out 5-3 (Groundball, 56S)
Top of the 8th over - 0 run(s), 0 hit(s), 0 error(s), 0 left on base; Syracuse 2 - Walla Walla 3
BOTTOM OF THE 8TH
Walla Walla Walleye batting - Pitching for Syracuse Storm : RHP Jorge Villanueva
Batting: LHB Rim Hong-Do 0-0: Foul Ball, location: 2F
0-1: Swinging Strike
0-2: Foul Ball, location: 2F
0-2: Foul Ball, location: 2F
0-2: SINGLE (Groundball, 56S) (infield hit)
Batting: LHB Bennett Whitford 0-0: Ball
Rim Hong-Do steals 2nd base
1-0: Intentional Walk
Pitching: RHP Francisco Castillo
Batting: RHB Dhyana Snigdha 0-0: Ball
1-0: Grounds into double play, 5-4-3 (Groundball, 56)
Rim Hong-Do to third
Pinch Hitting: RHB Rex Criscuolo 0-0: Fly out, F9 (Line Drive, 9)
Bottom of the 8th over - 0 run(s), 1 hit(s), 0 error(s), 1 left on base; Syracuse 2 - Walla Walla 3
TOP OF THE 9TH
Syracuse Storm batting - Pitching for Walla Walla Walleye : RHP Fernando Barraza
Pitching: LHP Quan Shiu
Now at 3B: Rex Criscuolo
Batting: RHB Vince Staples 0-0: Foul Ball, location: 2F
0-1: Ball
1-1: Fly out, F9 (Flyball, 89S)
Pinch Hitting: RHB Tommy Caplinger 0-0: Ball
1-0: Ball
2-0: Ball
3-0: Base on Balls
Pinch Hitting: RHB Scotty Smalls 0-0: Swinging Strike
0-1: Ball
1-1: Swinging Strike
1-2: Strikes out swinging
Batting: LHB Juan Caro 0-0: Ball
1-0: Ball
2-0: Foul Ball, location: 2F
2-1: Called Strike
2-2: Ball
3-2: Reached on error, E4 (Groundball, 34D)
Tommy Caplinger to third
Batting: RHB Tsuginori Kobayashi 0-0: Called Strike
0-1: Foul Ball, location: 2F
0-2: Fly out, F3 (Popup, 3)
Top of the 9th over - 0 run(s), 0 hit(s), 1 error(s), 2 left on base; Syracuse 2 - Walla Walla 3
Friday, August 18th, 2017 - OOTP Baseball 17.12 Build 75